Match 28504323
Unlisted

Match 28504323
End
Construct Infanterie Kompanie
Grenadier Squad
GrW 34 Mortar Team
MG 42 Machine Gun Team
Grenadier Squad
Construct Panzergrenadier Kompanie
Panzergrenadier Squad
Pak 40 Anti-tank Gun Team
Selects Mechanized Battlegroup
Selects Raid Package
Selects 8 Rad Armored Car
Selects UNKNOWN (2160084)
MG 42 Machine Gun Team
Pak 40 Anti-tank Gun Team
An.Ritter
小青
HulkSMASH
Ruby
0
0

Comments sign in to comment!

No comments posted yet!